 Dungeon Crawl Stone Soup version 0.20.1-1-g8b1a95d (webtiles) character file.

196 Knicklaso the Cutter (level 5, 0/30 HPs)
             Began as a Tengu Gladiator on Aug 16, 2017.
             Slain by Crazy Yiuf
             ... wielding a +2 quarterstaff of chaos
              (9 damage)
             ... on level 2 of the Dungeon.
             The game lasted 00:04:21 (2392 turns).

Knicklaso the Cutter (Tengu Gladiator)              Turns: 2392, Time: 00:04:22

Health: 0/30       AC:  5    Str: 16    XL:     5   Next: 74%
Magic:  6/6        EV: 12    Int:  8    God:
Gold:   116        SH:  0    Dex: 15    Spells: 4/4 levels left

rFire    . . .     SeeInvis .   l - +2 dagger (speed)
rCold    . . .     Gourm    .   (no shield)
rNeg     . . .     Faith    .   e - +0 ring mail
rPois    .         Spirit   .   c - +0 hat
rElec    .         Reflect  .   (no cloak)
rCorr    .         Harm     .   (no gloves)
MR       .....                  (boots unavailable)
Stlth    +.........             (no amulet)
Regen    0.1/turn               (no ring)
MPRegen  0.1/turn               (no ring)

@: no status effects
A: beak, talons 3, able to fly 1
a: Fly


You were on level 2 of the Dungeon.
You were hungry.

You visited 1 branch of the dungeon, and saw 2 of its levels.

You collected 116 gold pieces.

Inventory:

Hand Weapons
 a - a +0 rapier
 l - a +2 dagger of speed (weapon)
 p - a +1 dagger of flaming
Missiles
 d - 3 throwing nets
 h - 130 stones (quivered)
Armour
 c - a +0 hat (worn)
 e - a +0 ring mail (worn)
 j - a +0 buckler
Scrolls
 i - a scroll of remove curse {unknown}
 n - a scroll of enchant armour {unknown}
 o - a scroll of magic mapping {unknown}
 r - a scroll of identify {unknown}
 s - 2 scrolls of teleportation {unknown}
Potions
 b - a potion of lignification {unknown}
 g - a potion of invisibility {unknown}
 q - a potion of mutation {unknown}
 u - a potion of berserk rage {unknown}
Comestibles
 f - 2 bread rations
 k - a meat ration
 m - a royal jelly


   Skills:
 - Level 2.0 Fighting
 * Level 6.8 Short Blades
 - Level 2.0 Throwing
 - Level 3.2 Dodging


You had 4 spell levels left.
You didn't know any spells.

Dungeon Overview and Level Annotations

Branches:
Dungeon (2/15)

Altars:
Dithmenos
Qazlal
Trog

Annotations:
D:2 Crazy Yiuf


Innate Abilities, Weirdness & Mutations

You have a beak for a mouth.
You have claws for feet.
You can fly.


Message History

Crazy Yiuf whimpers, "Orb broken Orb Guardian!"
Crazy Yiuf hits you with a quarterstaff of chaos!
Crazy Yiuf burns you.
You hit Crazy Yiuf but do no damage. Your kick misses Crazy Yiuf.
You peck Crazy Yiuf.
Crazy Yiuf is heavily wounded.
You hit Crazy Yiuf.
Crazy Yiuf is heavily wounded.
You puncture Crazy Yiuf!
Crazy Yiuf is almost dead.
Crazy Yiuf laughs, "Fluff stair high!"
Crazy Yiuf hits you with a quarterstaff of chaos!
Crazy Yiuf freezes you.
* * * LOW HITPOINT WARNING * * *
You closely miss Crazy Yiuf. Your kick misses Crazy Yiuf.
Crazy Yiuf is almost dead.
You barely miss Crazy Yiuf. You peck Crazy Yiuf, but do no damage.
Crazy Yiuf is almost dead.
Crazy Yiuf hits you with a quarterstaff of chaos!
You die...

###### .....####♣♣♣♣♣
####.##....♣.♣♣♣ ####
#.#...PP.♣..♣#...#
####.......♣♣♣♣.@g..#
.>.......P♣♣ ♣♣#..)#
##.###.##♣♣ #### #.#
#.# #.###.# ##...###
### #####.# #.#
#.##########.#
#..........#.#


You could see Crazy Yiuf.

Vanquished Creatures
  Natasha (twice) (D:2)
  Robin (D:2)
  3 gnolls (D:2)
  An adder (D:2)
  An ooze (D:2)
  3 worms (D:2)
  A dart slug (D:2)
  3 leopard geckos
  6 giant cockroaches
  17 goblins
  11 hobgoblins
  7 jackals
  8 kobolds
  5 bats
  4 frilled lizards (D:1)
  A giant cockroach zombie (D:1)
  A quokka zombie (D:1)
  A rat (D:1)
76 creatures vanquished.

Notes
Turn   | Place    | Note
-------+----------+-------------------------------------------
     0 | D:1      | Knicklaso the Tengu Gladiator began the quest for the Orb.
     0 | D:1      | Reached XP level 1. HP: 12/12 MP: 2/2
   186 | D:1      | Reached XP level 2. HP: 14/17 MP: 3/3
   212 | D:1      | Reached skill level 4 in Short Blades
   468 | D:1      | Reached XP level 3. HP: 21/21 MP: 4/4
  1150 | D:2      | Reached skill level 5 in Short Blades
  1175 | D:2      | Noticed Robin
  1178 | D:2      | Killed Robin
  1178 | D:2      | Reached XP level 4. HP: 17/26 MP: 5/5
  1363 | D:2      | Found a shadowy altar of Dithmenos.
  1536 | D:2      | Reached skill level 6 in Short Blades
  1539 | D:2      | Gained mutation: You can fly. [Tengu growth]
  1539 | D:2      | Reached XP level 5. HP: 13/30 MP: 6/6
  1727 | D:2      | Found a bloodstained altar of Trog.
  1809 | D:2      | Noticed Natasha
  1815 | D:2      | Killed Natasha
  2017 | D:2      | Noticed Natasha
  2023 | D:2      | Killed Natasha
  2052 | D:2      | Found a runed door.
  2281 | D:2      | Found a stormy altar of Qazlal.
  2381 | D:2      | Noticed Crazy Yiuf
  2392 | D:2      | Slain by Crazy Yiuf

Skill      XL: |  1  2  3  4 |
---------------+-------------+-----
Short Blades   | 4 5 6 |  6.8
Fighting       | |  2.0
Throwing       | |  2.0
Dodging        | |  3.2

Action                   |  1- 3 |  4- 6 || total
-------------------------+-------+-------++-------
Melee: Rapier            |    33 |       ||    33
       Kick              |    24 |    29 ||    53
       Peck              |    10 |    26 ||    36
       Dagger            |    56 |   106 ||   162
Throw: Stone             |     7 |       ||     7
  Eat: Chunk             |       |     4 ||     4
Armor: Ring mail         |    17 |    16 ||    33
Dodge: Dodged            |    45 |    29 ||    74
